 Dungeon Crawl Stone Soup version 0.30-a0-34-gbe8da3892a (webtiles) character file.

Game seed: 17662831936903341469

26618 timneilson the Blocker (level 13, -18/86 HPs)
             Began as a Gargoyle Fighter on Aug 27, 2022.
             Was a High Priest of Okawaru.
             Demolished by Rupert
             ... wielding a +0 great mace of venom
              (25 damage)
             ... on level 1 of the Orcish Mines.
             The game lasted 00:39:58 (17661 turns).

timneilson the Blocker (Gargoyle Fighter)          Turns: 17661, Time: 00:39:59

Health: -18/86     AC: 41    Str: 25    XL:     13   Next: 27%
Magic:  13/17      EV:  9    Int:  9    God:    Okawaru [*****.]
Gold:   817        SH: 15    Dex: 12    Spells: 12/12 levels left

rFire   + . .      SeeInvis +    J - +0 scimitar (chaos)
rCold   . . .      Faith    .    x - +0 kite shield
rNeg    + + +      Spirit   .    h - +8 crystal plate armour of the Lute {rF+ rN+ Dex+3}
rPois   ∞          Reflect  .    w - +0 hat {SInv}
rElec   +          Harm     .    (no cloak)
rCorr   +          Rampage  ∞    H - +0 pair of gloves
Will    .....                    z - +3 pair of seven-league boots {Rampage+∞}
Stlth   ..........               G - amulet of regeneration
HPRegen 1.04/turn                t - ring of positive energy
MPRegen 0.15/turn                C - ring of resist corrosion

@: heroic, finesse-ful, hasted, studying Shields, very quick
A: sickness immunity, AC +9, negative energy resistance 1, electricity
resistance, torment resistance 1, petrification resistance, deformed body,
robust 1, wild magic 1
a: Renounce Religion, Heroism, Finesse, Duel


You were on level 1 of the Orcish Mines.
You worshipped Okawaru.
Okawaru was extremely pleased with you.
You visited 3 branches of the dungeon, and saw 16 of its levels.

You collected 1297 gold pieces.
You spent 480 gold pieces at shops.

Inventory:

Hand Weapons
 a - a +1 long sword of protection
 r - a +2 hand axe of flaming
 J - a +0 scimitar of chaos (weapon)
Missiles
 c - 2 throwing nets (quivered)
Armour
 e - a +0 helmet
 h - the +8 crystal plate armour of the Lute (worn) {rF+ rN+ Dex+3}
   (You acquired it on level 4 of the Dungeon)

   Dex:       It affects your dexterity (+3).
   rF:        It protects you from fire.
   rN:        It protects you from negative energy.
 w - a +0 hat of see invisible (worn)
 x - a +0 kite shield (worn)
 z - the +3 pair of seven-league boots (worn) {Rampage+∞}
   (Okawaru gifted it to you on level 12 of the Dungeon)

   Its wearer moves as far as possible in that direction when moving towards
   enemies.
 H - a +0 pair of gloves (worn)
Jewellery
 t - a ring of positive energy (left hand)
 C - a ring of resist corrosion (right hand)
 G - an amulet of regeneration (around neck)
 I - a ring of fire
Wands
 b - a wand of light (5)
 m - a wand of mindburst (7)
 o - a wand of flame (20)
 s - a wand of digging (5)
 K - a wand of polymorph (6)
Scrolls
 g - a scroll of enchant armour
 i - 2 scrolls of vulnerability
 j - 4 scrolls of identify
 l - 2 scrolls of magic mapping
 q - 3 scrolls of blinking
 y - 2 scrolls of teleportation
 A - 6 scrolls of fog
 B - a scroll of fear
 E - 2 scrolls of enchant weapon
Potions
 d - 3 potions of might
 f - 3 potions of lignification
 n - 2 potions of mutation
 u - 2 potions of brilliance
 v - 2 potions of attraction
 D - a potion of haste
 F - a potion of magic


   Skills:
 + Level 8.6(13.6) Fighting
 * Level 9.6(14.6) Long Blades
 * Level 11.6(16.6) Armour
 + Level 5.9(10.9) Dodging
 * Level 14.7(19.7) Shields
 + Level 6.4 Invocations
 + Level 6.3 Evocations


You had 12 spell levels left.
You didn't know any spells.
Your spell library contained the following spells:

 Spells                   Type           Power      Damage    Failure   Level
 Magic Dart               Conj           0%         1d3       100%        1
 Searing Ray              Conj           0%         2d4       100%        2
 Dazzling Flash           Conj/Hex       0%         N/A       100%        3
 Mephitic Cloud           Conj/Pois/Air  0%         N/A       100%        3
 Fulminant Prism          Conj/Hex       0%         3d6       100%        4
 Passage of Golubria      Tloc           0%         N/A       100%        4
 Agony                    Necr           0%         N/A       100%        5
 Borgnjor's Vile Clutch   Necr/Erth      0%         N/A       100%        5
 Silence                  Hex/Air        0%         N/A       100%        5
 Lehudib's Crystal Spear  Conj/Erth      0%         10d2      100%        8
 Call Imp                 Summ           Unusable   N/A       N/A         2
 Animate Dead             Necr           Unusable   N/A       N/A         4
 Death Channel            Necr           Unusable   N/A       N/A         6

Dungeon Overview and Level Annotations

Branches:
Dungeon (13/15)            Temple (1/1) D:7             Orc (2/2) D:12
 Vaults (0/5) D:13
   Lair: D:8-11         Elf: Orc:2

Altars:
Ashenzari
Cheibriados
Dithmenos
Elyvilon
Fedhas
Gozag
Hepliaklqana
Kikubaaqudgha
Makhleb
Nemelex Xobeh
Okawaru
Qazlal
Ru
Sif Muna
Trog
Uskayaw
Vehumet
Wu Jian
Xom
Yredelemnul
Zin
The Shining One

Shops:
D:5 *   D:6 (   D:9 =

Annotations:
D:11 exclusion: 3 oklob plants
Orc:1 Rupert


Innate Abilities, Weirdness & Mutations

You are immune to sickness and miasma.
Your stone body is resilient. (AC +9)
You are immune to poison.
You resist negative energy. (rN+)
You are resistant to electric shocks. (rElec)
You are resistant to unholy torment.
You are immune to petrification.
Armour fits poorly on your strangely shaped body.
You are robust. (+10% HP)
Your spells are a little harder to cast, but a little more powerful.


Message History

You kill the orc!
You slash Rupert!
Rupert looks as sick as possible!
Rupert is heavily wounded.
Rupert hits you with a +0 great mace of venom!
* * * LOW HITPOINT WARNING * * *
You hit Rupert but do no damage.
Rupert is heavily wounded.
You feel yourself speed up. Rupert hits you but does no damage. x2
You barely miss Rupert.
Rupert is heavily wounded.
You block the orc warrior's attack.
You hit Rupert but do no damage.
Rupert is heavily wounded.
You block Rupert's attack.
You slash Rupert!
Rupert is heavily wounded.
You block Rupert's attack.
The orc warrior hits you with a +0 dire flail!
* * * LOW HITPOINT WARNING * * *
You miss Rupert.
Rupert is heavily wounded.
The orc warrior no longer looks unusually strong.
You closely miss Rupert.
Rupert is heavily wounded.
Rupert hits you but does no damage.
You slash Rupert!
Rupert looks as sick as possible!
Rupert is heavily wounded.
You block the orc warrior's attack. Rupert barely misses you.
You barely miss Rupert.
Rupert is heavily wounded.
You closely miss Rupert.
Rupert is heavily wounded.
Rupert completely misses you.
The orc warrior hits you but does no damage.
You closely miss Rupert.
Rupert is heavily wounded.
You completely miss Rupert.
Rupert is heavily wounded.
Rupert hits you with a +0 great mace of venom!!
You die...

#....#[#.......#
###...#...##.....#
##.....##.##...#^##
#..........#......##
#....#.#)).........#
#...#..[.[.........##
#...#.[[[......##...##
##.#..o@o......#.....#
####.@#[...........##
##.##).......#..###
#...#..[....##....##
##.......>[.........#
#....#.............###
##..#......[......#.##
#.........[.....#....
##.#.#.........#.....
######.........#....


You could see Rupert (berserk, agile, extremely poisoned), an orc warrior and an
orc (strong).

Vanquished Creatures
  Gastronok (D:8)
  A hydra (D:8)
  A centaur warrior (D:8)
  7 two-headed ogres
  An ogre mage (D:12)
  An orc high priest (Orc:1)
  2 deep elf pyromancers
  An orc knight (D:12)
  2 ugly things (D:12)
  4 cyclopes (D:11)
  2 orc sorcerers (Orc:1)
  2 manticores
  Maurice (D:9)
  A gargoyle (D:8)
  Maggie (D:8)
  Psyche (D:8)
  A komodo dragon (D:10)
  The ghost of sirJeffrey23 the Trooper, an amateur OgMo (D:3)
  A kobold demonologist (D:11)
  7 trolls
  A slime creature (D:12)
  A dream sheep (shapeshifter) (D:7)
  A centaur simulacrum (D:11)
  2 wraiths (D:12)
  A jumping spider (shapeshifter) (D:13)
  A vampire (D:12)
  12 yaks
  The ghost of rumses the Trooper, an amateur HOFi (D:3)
  2 wyverns
  3 vampire mosquitoes
  Menkaure (D:7)
  4 wargs
  An acid dragon (D:10)
  The ghost of xian the Conjurer, an amateur VSCj of the Shining One (D:4)
  6 orc warriors
  A black bear (shapeshifter) (D:12)
  An ice beast (D:8)
  A black bear (D:7)
  7 ogres
  9 centaurs
  A phantom (D:12)
  2 kobold brigands
  6 bullfrogs
  Blork the orc (D:6)
  A gnoll sergeant (D:9)
  3 scorpions
  2 necrophages (D:5)
  16 wights
  2 troll zombies (D:12)
  6 killer bees
  An electric eel (D:9)
  3 howler monkeys
  4 gnoll boudas
  4 hounds
  2 jellies
  10 orc priests
  2 iguanas
  Ijyb (D:3)
  17 orc wizards
  5 ogre zombies (D:12)
  A mummy (D:5)
  Robin (D:3)
  24 gnolls
  7 adders
  2 white imps
  2 ufetubi (D:5)
  2 worms
  4 dart slugs
  42 orcs
  6 ball pythons
  A bat (D:1)
  8 endoplasms
  3 giant cockroaches
  17 goblins
  11 hobgoblins
  13 jackals
  13 kobolds
  2 quokkas (D:1)
  A frilled lizard (D:3)
  3 goblin skeletons (D:12)
  A hobgoblin skeleton (D:12)
  8 hobgoblin zombies
  A kobold zombie (D:5)
  An orc skeleton (D:12)
  14 orc zombies (D:12)
  3 rats
376 creatures vanquished.

Vanquished Creatures (others)
  A centaur (D:13)
  An orc priest (Orc:1)
  2 orc wizards
  An orc zombie (D:12)
  2 demonic plants (D:1)
  2 fungi (D:1)
  5 plants
  2 withered plants (D:1)
16 creatures vanquished.

Grand Total: 392 creatures vanquished

Notes
Turn   | Place    | Note
-------+----------+-------------------------------------------
     0 | D:1      | timneilson the Gargoyle Fighter began the quest for the
                  | Orb.
     0 | D:1      | Reached XP level 1. HP: 14/14 MP: 1/1
    24 | D:1      | Found a faded altar of an unknown god.
    57 | D:1      | Reached XP level 2. HP: 4/19 MP: 2/2
   694 | D:1      | Reached XP level 3. HP: 4/23 MP: 3/3
  1327 | D:2      | You fall into a shaft and drop 1 floor!
  1335 | D:3      | Noticed Robin
  1356 | D:3      | Reached XP level 4. HP: 24/28 MP: 4/4
  1391 | D:3      | Killed Robin
  1392 | D:3      | Reached skill level 4 in Shields
  1407 | D:3      | Reached skill level 1 in Dodging
  2058 | D:2      | Reached XP level 5. HP: 33/33 MP: 5/5
  3113 | D:3      | Noticed Ijyb
  3121 | D:3      | Killed Ijyb
  3240 | D:3      | Found a runed translucent gate.
  3240 | D:3      | Found a runed translucent gate.
  3241 | D:3      | Found a runed translucent gate.
  3243 | D:3      | Noticed rumses's ghost (amateur HOFi)
  3243 | D:3      | Noticed sirJeffrey23's ghost (amateur OgMo)
  3456 | D:4      | Found a large runed translucent door.
  3458 | D:4      | Found a large runed translucent door.
  3476 | D:3      | Reached XP level 6. HP: 9/38 MP: 6/6
  4115 | D:4      | Reached skill level 1 in Evocations
  4642 | D:4      | Noticed xian's ghost (amateur VSCj)
  4693 | D:4      | Found a sparkling altar of Nemelex Xobeh.
  4856 | D:4      | Reached XP level 7. HP: 42/43 MP: 7/7
  4894 | D:4      | Found a blossoming altar of Fedhas.
  4894 | D:4      | Found a glowing silver altar of Zin.
  4931 | D:4      | Reached skill level 5 in Armour
  5106 | D:4      | Killed xian's ghost
  5107 | D:4      | Reached skill level 5 in Shields
  5215 | D:5      | Entered Level 5 of the Dungeon
  5482 | D:5      | Found Ixitigh's General Store.
  5503 | D:4      | Identified a scroll of acquirement
  5503 | D:4      | Acquired the +8 crystal plate armour of the Lute {rF+ rN+
                  | Dex+3}
  5855 | D:5      | Reached XP level 8. HP: 25/48 MP: 8/8
  5898 | D:5      | Gained mutation: You are robust. (+10% HP) [potion of
                  | mutation]
  5898 | D:5      | Gained mutation: Your spells are a little harder to cast,
                  | but a little more powerful. [potion of mutation]
  6572 | D:6      | Found Waotop's Weapon Shop.
  6683 | D:6      | Reached skill level 6 in Shields
  6792 | D:6      | Reached skill level 5 in Fighting
  7071 | D:6      | HP: 2/53 [gnoll/+0 spear[a gnoll bouda] (7)]
  7625 | D:6      | Noticed Blork the orc
  7638 | D:6      | Killed Blork the orc
  7639 | D:6      | Reached skill level 5 in Long Blades
  7991 | D:7      | Reached XP level 9. HP: 59/59 MP: 9/9
  8054 | D:7      | Acquired a manual of Shields
  8183 | D:7      | Noticed Menkaure
  8191 | D:7      | Killed Menkaure
  8262 | D:7      | Reached skill level 7 in Shields
  8522 | D:7      | Found a staircase to the Ecumenical Temple.
  8530 | Temple   | Entered the Ecumenical Temple
  8628 | Temple   | Became a worshipper of Warmaster Okawaru
  9200 | D:7      | Reached skill level 1 in Invocations
  9259 | D:8      | Noticed Maggie
  9291 | D:8      | Killed Maggie
  9292 | D:8      | Reached skill level 8 in Shields
  9460 | D:7      | Reached * piety under Okawaru
  9709 | D:8      | Noticed a troll
  9729 | D:8      | Killed a troll
  9730 | D:8      | Reached XP level 10. HP: 55/66 MP: 9/11
  9798 | D:8      | Noticed Gastronok
  9844 | D:8      | Killed Gastronok
  9844 | D:8      | Reached ** piety under Okawaru
  9845 | D:8      | Reached skill level 9 in Shields
 10393 | D:8      | Noticed Psyche
 10409 | D:8      | Killed Psyche
 10410 | D:8      | Reached skill level 10 in Shields
 10680 | D:8      | Noticed a centaur warrior
 10680 | D:8      | Noticed a gargoyle
 10680 | D:8      | Noticed a four-headed hydra
 10885 | D:7      | Noticed a guardian serpent
 10885 | D:7      | a queen bee changed into a guardian serpent
 10891 | D:7      | a guardian serpent changed into a dream sheep
 10921 | D:8      | Killed a centaur warrior
 10921 | D:8      | Reached *** piety under Okawaru
 11209 | D:8      | Killed a gargoyle
 11214 | D:8      | Killed a one-headed hydra
 11215 | D:8      | Reached XP level 11. HP: 61/72 MP: 13/13
 12061 | D:9      | Reached skill level 11 in Shields
 12317 | D:9      | Noticed Maurice
 12451 | D:9      | Killed Maurice
 12620 | D:9      | Found Saops's Jewellery Emporium.
 12645 | D:9      | Bought an amulet of regeneration for 480 gold pieces
 12984 | D:9      | Reached **** piety under Okawaru
 13244 | D:10     | Entered Level 10 of the Dungeon
 13347 | D:10     | Noticed a lindwurm
 13411 | D:10     | Found a shimmering altar of Xom.
 13411 | D:10     | Found a sacrificial altar of Ru.
 13455 | D:10     | Received a gift from Okawaru
 13458 | D:10     | Noticed a lindwurm
 13458 | D:10     | Noticed a lindwurm
 13679 | D:10     | Found a shimmering blue altar of Sif Muna.
 13903 | D:10     | Noticed a lindwurm
 13932 | D:10     | Noticed a two-headed ogre
 13947 | D:10     | Killed a two-headed ogre
 13948 | D:10     | Reached skill level 12 in Shields
 14101 | D:11     | Found a blossoming altar of Fedhas.
 14114 | D:11     | Reached skill level 5 in Evocations
 14184 | D:11     | Noticed an oklob plant
 14258 | D:11     | Noticed a cyclops
 14264 | D:11     | Noticed a cyclops
 14282 | D:11     | Killed a cyclops
 14295 | D:11     | Killed a cyclops
 14339 | D:11     | Noticed a cyclops
 14363 | D:11     | Killed a cyclops
 14364 | D:11     | Reached skill level 10 in Armour
 14377 | D:11     | Found a sparkling altar of Nemelex Xobeh.
 14378 | D:11     | Noticed a manticore
 14391 | D:11     | Killed a manticore
 14423 | D:11     | Noticed an oklob plant
 14509 | D:11     | Noticed a cyclops
 14524 | D:11     | Killed a cyclops
 14613 | D:11     | Reached XP level 12. HP: 44/79 MP: 13/15
 14673 | D:11     | Noticed a two-headed ogre
 14687 | D:11     | Killed a two-headed ogre
 14688 | D:11     | Reached skill level 5 in Dodging
 14688 | D:11     | Reached skill level 5 in Invocations
 15302 | D:3      | Killed rumses's ghost
 15316 | D:3      | Killed sirJeffrey23's ghost
 15768 | D:12     | Noticed a two-headed ogre
 15768 | D:12     | Noticed a two-headed ogre
 15790 | D:12     | Killed a two-headed ogre
 15790 | D:12     | Reached ***** piety under Okawaru
 15791 | D:12     | Reached skill level 13 in Shields
 15795 | D:12     | Killed a two-headed ogre
 15810 | D:12     | Noticed a two-headed ogre
 15811 | D:12     | Noticed a two-headed ogre
 15830 | D:12     | Killed a two-headed ogre
 15830 | D:12     | Received a gift from Okawaru
 15831 | D:12     | Found the +3 pair of seven-league boots {Rampage+∞}
 15839 | D:12     | Noticed a two-headed ogre
 15848 | D:12     | Killed a two-headed ogre
 15856 | D:12     | Killed a two-headed ogre
 15978 | D:12     | Noticed an ogre mage
 16007 | D:12     | Killed an ogre mage
 16174 | D:12     | Reached skill level 14 in Shields
 16329 | D:12     | Found a staircase to the Orcish Mines.
 16622 | D:13     | Found a gate to the Vaults.
 16622 | D:13     | Noticed a boulder beetle
 16622 | D:13     | Noticed a vault guard
 16622 | D:13     | Noticed a vault guard
 16622 | D:13     | Noticed a vault guard
 16622 | D:13     | Noticed a vault guard
 16622 | D:13     | Noticed a centaur warrior
 16723 | Orc:1    | Entered Level 1 of the Orcish Mines
 16739 | Orc:1    | Paralysed by an orc sorcerer for 2 turns
 16747 | Orc:1    | Reached XP level 13. HP: 74/86 MP: 17/17
 17358 | Orc:1    | Gained mutation: Armour fits poorly on your strangely
                  | shaped body. [a neqoxec]
 17611 | Orc:2    | Entered Level 2 of the Orcish Mines
 17611 | Orc:2    | Noticed Rupert
 17654 | Orc:1    | HP: 4/86 [orc warrior/+0 dire flail (9)]
 17661 | Orc:1    | Demolished by Rupert

Illustrated notes

Levels and vault maps discovered:
D:1:      mrwooster_arrival_arrow, layout_basic, shapermc_ecumenical_altar_gd,
          minmay_curled_crystal, chequers_serial_rivers_micro_b
D:2:      layout_basic, grunt_ministairs_4
D:3:      layout_loops_ring, gammafunk_ghost_cemetery, grunt_ministairs_5,
          uniq_ijyb, uniq_robin
D:4:      layout_basic, gammafunk_temple_overflow_statue,
          nemelex_dance_club_becter, ebering_ghost_disaster_area
D:5:      layout_basic, serial_shops, shop, kennysheep_pointless_box,
          minmay_mini_ossuary
D:6:      layout_loops_ring, serial_shops, nicolae_shop_stone,
          minmay_misc_feat_rugged, uniq_blork_the_orc
D:7:      layout_loops_ring, minmay_temple_entry_junction_2,
          kennysheep_big_empty_room, uniq_menkaure
D:8:      minmay_bloctagon_deflated, layout_layer_cave, minivault_21,
          uniq_gastronok, uniq_psyche, uniq_maggie
D:9:      layout_basic, serial_shops, shop_coins, serial_bayou_pond_d,
          uniq_maurice
D:10:     layout_roguey, mainiacjoe_overflow_alcove_4,
          gammafunk_temple_overflow_elements, minmay_lindwurm_lava
D:11:     layout_long_grid, dpeg_oklobed_lair, hangedman_feature_mirror
D:12:     layout_loops_ring, zombieorc2_lemuel, chequers_serial_rivers_small_a,
          minmay_diced_spiral
D:13:     layout_basic, lightli_vaults_fourway_checkpoint
Temple:   minmay_temple_bridge_d
Orc:1:    layout_caves, serial_shops
Orc:2:    st_orc_ogre_mass, layout_caves, maelrawn_ghost_gauntlet_escape,
          serial_shops, nicolae_shop_hallway_plus, basic_altar,
          nicolae_specific_store, uniq_rupert

Skill      XL: |  1  2  3  4  5  6  7  8  9 10 11 12 |
---------------+-------------------------------------+-----
Long Blades    | 2 3 4 5 6 7 8 9 |  9.6
Armour         | 4 5 6 7 9 10 11 | 11.6
Shields        | 4 5 6 8 10 12 14 | 14.7
Dodging        | 1 2 3 4 5 |  5.9
Fighting       | 4 5 6 7 8 |  8.6
Evocations     | 1 2 3 4 5 6 |  6.3
Invocations    | 2 3 4 6 |  6.4

Action                   |  1- 3 |  4- 6 |  7- 9 | 10-12 | 13-15 || total
-------------------------+-------+-------+-------+-------+-------++-------
Melee: Long sword        |   117 |   335 |   667 |   671 |       ||  1790
       Hand axe          |       |       |       |     4 |       ||     4
       Scimitar          |       |       |       |   448 |   364 ||   812
Invok: Heroism           |       |       |     1 |    29 |     5 ||    35
       Finesse           |       |       |       |       |     2 ||     2
Evoke: Wand              |       |       |       |     7 |       ||     7
  Use: Scroll            |     3 |     5 |    10 |     4 |       ||    22
       Potion            |       |     4 |     8 |     2 |     2 ||    16
 Stab: Confused          |       |       |       |     2 |       ||     2
Armor: Scale mail        |    83 |    99 |       |       |       ||   182
       Chain mail        |       |   140 |    92 |       |       ||   232
       Crystal plate arm |       |       |   557 |   904 |   386 ||  1847
Dodge: Dodged            |    52 |   148 |   154 |   309 |   160 ||   823
Block: Buckler           |    29 |    79 |   107 |       |       ||   215
       Kite shield       |       |       |   220 |   892 |   401 ||  1513

Table legend: (Time is in decaauts)
 A = Elapsed time spent in this place.
 B = Non-inter-level travel time spent in this place.
 C = Inter-level travel time spent in this place.
 D = Time resting spent in this place.
 E = Time spent auto-exploring this place.
 F = Levels seen in this place.
 G = Mean time per level.
                   A        B        C        D        E       F      G
               +--------+--------+--------+--------+--------+-----+--------+
         Total |  17975 |  17220 |    755 |   1226 |  11107 |  16 | 1123.4 |
       Dungeon |  17215 |  16468 |    747 |   1226 |  10676 |  13 | 1324.2 |
        Temple |    229 |    221 |      8 |      0 |    196 |   1 |  229.0 |
  Orcish Mines |    530 |    530 |      0 |      0 |    235 |   2 |  265.0 |
               +--------+--------+--------+--------+--------+-----+--------+

Top non-repeatable levels by time:
     D:8: 2634 daAuts
     D:7: 1819 daAuts
     D:3: 1654 daAuts
     D:4: 1626 daAuts
     D:5: 1419 daAuts
     D:6: 1332 daAuts
    D:12: 1325 daAuts
     D:1: 1287 daAuts
     D:2: 1046 daAuts
     D:9: 1015 daAuts
    D:10: 1003 daAuts
    D:11: 924 daAuts
   Orc:1: 518 daAuts
  Temple: 229 daAuts
    D:13: 125 daAuts
